 Dungeon Crawl Stone Soup version 0.28-a0-503-g83f2989fac (webtiles) character file.

Game seed: 4357802908776734571

228 siradein the Shield-Bearer (level 6, -1/39 HPs)
             Began as a Gargoyle Fighter on Sept 20, 2021.
             Slain by an orc priest (4 damage)
             ... on level 5 of the Dungeon.
             The game lasted 00:04:02 (2457 turns).

siradein the Shield-Bearer (Gargoyle Fighter)       Turns: 2457, Time: 00:04:03

Health: -1/39      AC:  9    Str: 21    XL:     6   Next: 2%
Magic:  6/6        EV: 11    Int:  8    God:
Gold:   104        SH:  4    Dex: 10    Spells: 5/5 levels left

rFire   + . .      SeeInvis .   a - +0 long sword
rCold   . . .      Faith    .   c - +0 buckler
rNeg    + + .      Spirit   .   o - +0 troll leather armour {Purgy}
rPois   ∞          Reflect  .   (no helmet)
rElec   +          Harm     .   (no cloak)
rCorr   .          Rampage  .   (no gloves)
Will    .....                   (no boots)
Stlth   +.........              (no amulet)
HPRegen 1.13/turn               f - ring of protection from fire
MPRegen 0.10/turn               l - ring of positive energy

@: no status effects
A: sickness immunity, AC +4, negative energy resistance 1, electricity
resistance, torment resistance 1, petrification resistance
a: no special abilities


You were on level 5 of the Dungeon.
You visited 1 branch of the dungeon, and saw 5 of its levels.

You collected 104 gold pieces.

Inventory:

Hand Weapons
 a - a +0 long sword (weapon)
Missiles
 m - 27 poisoned darts (quivered)
Armour
 c - a +0 buckler (worn)
 o - a +0 troll leather armour (worn) {Purgy}
Jewellery
 f - a ring of protection from fire (left hand)
 g - an amulet of magic regeneration
 l - a ring of positive energy (right hand)
Scrolls
 e - a scroll of teleportation {unknown}
 i - a scroll of summoning {unknown}
 j - a scroll of magic mapping {unknown}
 k - a scroll of identify {unknown}
Potions
 b - a potion of heal wounds {unknown}
 d - 3 potions of might
 h - a potion of attraction {unknown}
 n - 2 potions of brilliance {unknown}


   Skills:
 + Level 4.5 Fighting
 + Level 3.1 Long Blades
 + Level 4.5 Armour
 + Level 4.5 Shields


You had 5 spell levels left.
You didn't know any spells.
Your spell library contained the following spells:

 Spells                   Type           Power      Damage    Failure   Level
 Animate Skeleton         Necr           0%         N/A       45%         1
 Pain                     Necr           0%         1d4       45%         1
 Vampiric Draining        Necr           0%         2d6       83%         3


Dungeon Overview and Level Annotations

Branches:
Dungeon (6/15)
 Temple: D:4-7

Altars:


Innate Abilities, Weirdness & Mutations

You are immune to sickness and miasma.
Your stone body is resilient. (AC +4)
You are immune to poison.
You resist negative energy. (rN+)
You are resistant to electric shocks. (rElec)
You are resistant to unholy torment.
You are immune to petrification.


Message History

A puff of flame appears from out of thin air!
The puff of flame hits you but does no damage.
The orc priest invokes the aid of Beogh against you.
Pain shoots through your body!
* * * LOW HITPOINT WARNING * * *
The orc wizard closely misses you. Something hits you but does no damage.
You hit the orc priest.
The orc priest is severely wounded.
The orc priest hits you but does no damage.
The orc wizard hits you with a +1 dagger of protection.
* * * LOW HITPOINT WARNING * * *
Something hits you but does no damage. The orc priest closely misses you.
You hit the orc priest but do no damage.
The orc priest is severely wounded.
The orc wizard hits you with a +1 dagger of protection.
* * * LOW HITPOINT WARNING * * *
You hear some strange, mumbled words.
A magic dart appears from out of thin air!
The magic dart hits you but does no damage.
The orc priest hits you but does no damage.
You closely miss the orc priest.
The orc priest is severely wounded.
The orc wizard hits you but does no damage.
Something hits you but does no damage.
The orc priest calls upon Beogh to heal the orc wizard.
The orc wizard's wounds heal themselves!
You barely miss the orc priest.
The orc priest is severely wounded.
The orc wizard casts a spell at you. The magic dart hits you.
* * * LOW HITPOINT WARNING * * *
Something barely misses you.
The orc priest casts a cantrip, but nothing happens.
The orc wizard hits you with a +1 dagger of protection.
* * * LOW HITPOINT WARNING * * *
Something barely misses you.
You closely miss the orc priest.
The orc priest is severely wounded.
The orc priest hits you with a +0 hand axe.
You die...

##.########## .#
......o...o.# .# #
......#####.####.#.###
.......# #...........
###....# ####........
##.#.# #..#####+#
#.#.# #.Oo## ....#
#.#oo## ..... #.##@{#
#. ##..# #. ...# #.
..... #. .....# ..
######


You could see an ogre, an orc priest, an orc wizard and an orc.

Vanquished Creatures
  Purgy (D:3)
  An orc priest (D:1)
  5 adders
  3 orcs
  7 ball pythons
  5 bats
  4 endoplasms
  3 giant cockroaches
  2 goblins (D:1)
  5 hobgoblins
  4 jackals (D:1)
  A quokka (D:2)
  3 frilled lizards
  7 kobolds
  5 rats
56 creatures vanquished.

Notes
Turn   | Place    | Note
-------+----------+-------------------------------------------
     0 | D:1      | siradein the Gargoyle Fighter began the quest for the Orb.
     0 | D:1      | Reached XP level 1. HP: 14/14 MP: 1/1
    97 | D:1      | Found a faded altar of an unknown god.
   144 | D:1      | Reached XP level 2. HP: 11/19 MP: 2/2
   564 | D:1      | Reached XP level 3. HP: 23/23 MP: 3/3
  1414 | D:1      | Reached XP level 4. HP: 27/29 MP: 4/4
  1904 | D:3      | Noticed Purgy
  1938 | D:3      | Killed Purgy
  1939 | D:3      | Reached XP level 5. HP: 16/34 MP: 5/5
  2326 | D:3      | Reached XP level 6. HP: 39/39 MP: 6/6
  2335 | D:3      | You fall into a shaft and drop 3 floors!
  2388 | D:5      | Entered Level 5 of the Dungeon
  2456 | D:5      | HP: 1/39 [orc wizard (1)]
  2457 | D:5      | Slain by an orc priest

Illustrated notes

Levels and vault maps discovered:
D:1:      psy_arrival_whirlpool, layout_loops_ring, basic_ecumenical_altar,
          minmay_tromino_mix6
D:2:      layout_rooms
D:3:      layout_loops_cross, uniq_purgy
D:5:      layout_loops_ring, gup_ossuary_entry_pyramid
D:6:      layout_basic, serial_shops, nicolae_shop_trees

Skill      XL: |  1  2  3  4  5 |
---------------+----------------+-----
Long Blades    | 2 3 |  3.1
Armour         | 4 |  4.5
Shields        | 4 |  4.5
Fighting       | 4 |  4.5

Action                   |  1- 3 |  4- 6 || total
-------------------------+-------+-------++-------
Melee: Long sword        |    92 |   122 ||   214
Throw: Dart              |       |     3 ||     3
Armor: Scale mail        |    61 |     6 ||    67
       Chain mail        |       |    68 ||    68
       Troll leather arm |       |    36 ||    36
Dodge: Dodged            |    57 |    72 ||   129
Block: Buckler           |    27 |    32 ||    59

Table legend: (Time is in decaauts)
 A = Elapsed time spent in this place.
 B = Non-inter-level travel time spent in this place.
 C = Inter-level travel time spent in this place.
 D = Time resting spent in this place.
 E = Time spent auto-exploring this place.
 F = Levels seen in this place.
 G = Mean time per level.
                   A        B        C        D        E       F      G
               +--------+--------+--------+--------+--------+-----+--------+
         Total |   2519 |   2477 |     42 |    325 |   1577 |   5 |  503.8 |
       Dungeon |   2519 |   2477 |     42 |    325 |   1577 |   5 |  503.8 |
               +--------+--------+--------+--------+--------+-----+--------+

Top non-repeatable levels by time:
     D:1: 1446 daAuts
     D:3: 542 daAuts
     D:2: 404 daAuts
     D:5: 73 daAuts
     D:6: 52 daAuts
